 Dungeon Crawl Stone Soup version 0.23.2-30-g0e89c35649 (webtiles) character file.

Game seed: 3511694717165559951

9 troglodite the Charmwright (level 2, 0/19 HPs)
             Began as an Octopode Skald on June 17, 2019.
             Slain by a ball python (1 damage)
             ... on level 1 of the Dungeon.
             The game lasted 00:01:22 (381 turns).

troglodite the Charmwright (Octopode Skald)          Turns: 381, Time: 00:01:24

Health: 0/19       AC:  1    Str: 10    XL:     2   Next: 16%
Magic:  4/5        EV: 10    Int: 15    God:
Gold:   10         SH:  0    Dex: 11    Spells: 4/5 levels left

rFire    . . .     SeeInvis .   a - +0 spear
rCold    . . .     Gourm    .   (no shield)
rNeg     . . .     Faith    .   (helmet restricted)
rPois    .         Spirit   .   (no amulet)
rElec    .         Reflect  .   (no ring)
rCorr    .         Harm     .   (no ring)
MR       .....                  (no ring)
Stlth    ++........             (no ring)
HPRegen  0.06/turn              (no ring)
MPRegen  0.09/turn              (no ring)
                                (no ring)
                                (no ring)

@: infused, constricted
A: almost no armour, stealthy swim, amphibious, 8 rings, constrict 8, camouflage
1, gelatinous body 1
a: no special abilities


You were on level 1 of the Dungeon.
You were not hungry.

You visited 1 branch of the dungeon, and saw 1 of its levels.

You collected 10 gold pieces.

Inventory:

Hand Weapons
 a - a +0 spear (weapon)
Scrolls
 d - 2 scrolls of remove curse {unknown}
 e - a scroll of enchant armour {unknown}
 f - a scroll of identify {unknown}
 g - a scroll of immolation {unknown}
 h - a scroll of teleportation {unknown}
Comestibles
 b - a chunk of flesh
 c - a ration


   Skills:
 * Level 2.0 Fighting
 + Level 2.0 Polearms
 * Level 2.6 Dodging
 * Level 1.1 Stealth
 * Level 2.0 Spellcasting
 * Level 3.1 Charms


You had 4 spell levels left.
You knew the following spells:

 Your Spells              Type           Power        Failure   Level  Hunger
a - Infusion              Chrm           ##..         6%          1    #......

Your spell library contained the following spells:

 Spells                   Type           Power        Failure   Level  Hunger
 Song of Slaying          Chrm           ##......     9%          2    ###....
 Shroud of Golubria       Chrm/Tloc      #.........   17%         2    ###....
 Regeneration             Chrm/Necr      #.........   34%         3    ###....
 Spectral Weapon          Hex/Chrm       #.......     34%         3    ###....


Dungeon Overview and Level Annotations

Branches:
Dungeon (1/15)

Altars:


Innate Abilities, Weirdness & Mutations

You cannot wear most types of armour.
You are very stealthy in the water. (Stealth+)
You are amphibious.
You can wear up to eight rings at the same time.
You can use your tentacles to constrict eight enemies at once.
Your skin changes colour to match your surroundings (Stealth+).
Your rubbery body absorbs attacks. (AC +1, EV +1)


Message History

The ball python bites you. The ball python constricts you. The kobold hits you.
* * * LOW HITPOINT WARNING * * *
You escape the ball python's grasp.
The ball python bites you.
* * * LOW HITPOINT WARNING * * *
The ball python closely misses you. The ball python misses you.
The ball python closely misses you. The ball python bites you.
* * * LOW HITPOINT WARNING * * *
The ball python grabs you.
* * * LOW HITPOINT WARNING * * *
The ball python constricts you.
You escape the ball python's grasp.
You see here a hand axe.
Casting: Infusion (safe; 6% risk of failure)
Confirm with . or Enter, or press ? or * to list all spells.
You begin infusing your attacks with magical energy.
The ball python barely misses you. The ball python grabs you.
* * * LOW HITPOINT WARNING * * *
The ball python constricts you. The ball python barely misses you.
You die...

#.............#
#.'.8.#
#.............#
#.#...#
#.............#
#.#####
#.............#
#.[....
#.(...........##
####### #####
#.......K......#
#.. ##...#
########K###...#
#.. .....##### #S#
#...#### #.(
.........# #@#
#......#####..
.....###.# #.#
#.............
.#...###.# #.#
#...........##
.......#.# #.#
#...........
##...#.#.# #.#
#...........
.#####.#.# #.#
#...........
.#####.#.# #.#
#...########
.......#.#######.#
#.....# #
.####..#.......#.#
#...#.########


You could see a ball python and 2 kobolds.

Vanquished Creatures
  A dart slug (D:1)
  A goblin (D:1)
  2 hobgoblins (D:1)
  A bat (D:1)
  2 kobolds (D:1)
  A rat (D:1)
8 creatures vanquished.

Notes
Turn   | Place    | Note
-------+----------+-------------------------------------------
     0 | D:1      | troglodite the Octopode Skald began the quest for the Orb.
     0 | D:1      | Reached XP level 1. HP: 14/14 MP: 3/3
   268 | D:1      | Reached skill level 1 in Stealth
   268 | D:1      | Reached XP level 2. HP: 17/19 MP: 5/5
   381 | D:1      | Slain by a ball python

Skill      XL: |  1 |
---------------+----+-----
Stealth        | 1 |  1.1
Fighting       | |  2.0
Polearms       | |  2.0
Dodging        | |  2.6
Spellcasting   | |  2.0
Charms         | |  3.1

Action                   || total
-------------------------++-------
Melee: Spear             ||    22
       Constrict         ||     3
       Tentacles         ||     3
 Cast: Infusion          ||     1
 Stab: Sleeping          ||     7
Dodge: Dodged            ||     9
